 Dungeon Crawl Stone Soup version 0.24.0-13-gcf9b3192b9 (webtiles) character file.

Game seed: 9236965930065230608, levelgen mode: deterministic

830 Lanoc the Tainter (level 7, -4/45 HPs)
             Began as an Octopode Venom Mage on Nov 7, 2019.
             Killed by divine providence
             ... invoked by an orc priest
              (7 damage)
             ... on level 6 of the Dungeon.
             The game lasted 00:12:30 (4276 turns).

Lanoc the Tainter (Octopode Venom Mage)             Turns: 4276, Time: 00:12:30

Health: -4/45      AC:  3    Str:  8    XL:     7   Next: 97%
Magic:  5/10       EV: 15    Int: 19    God:
Gold:   114        SH:  0    Dex: 12    Spells: 4/10 levels left

rFire    . . .     SeeInvis .   c - +3 spear
rCold    + . .     Gourm    .   (no shield)
rNeg     . . .     Faith    .   (helmet restricted)
rPois    .         Spirit   .   (no amulet)
rElec    .         Reflect  .   s - ring of protection from cold
rCorr    .         Harm     .   (no ring)
MR       .....     Clarity  +   (no ring)
Stlth    +++.......             (no ring)
HPRegen  0.15/turn              (no ring)
MPRegen  0.12/turn              (no ring)
                                (no ring)
                                (no ring)

@: no status effects
A: almost no armour, stealthy swim, amphibious, 8 rings, constrict 8, icy blue
scales 1, camouflage 1, clarity, robust 1, wild magic 1, gelatinous body 1
a: no special abilities


You were on level 6 of the Dungeon.
You were near starving.

You visited 1 branch of the dungeon, and saw 6 of its levels.

You collected 184 gold pieces.
You spent 70 gold pieces at shops.

Inventory:

Hand Weapons
 c - a +3 spear (weapon)
Jewellery
 s - a ring of protection from cold (left tentacle)
Wands
 n - a wand of scattershot (7)
Scrolls
 e - a scroll of random uselessness {unknown}
 f - 2 scrolls of fear {unknown}
 k - a scroll of enchant armour {unknown}
 l - 4 scrolls of remove curse
 o - a scroll of enchant weapon {unknown}
 q - a scroll of teleportation
 u - a scroll of magic mapping {unknown}
 v - 3 scrolls of noise {unknown}
Potions
 a - a potion of curing
 d - a potion of magic
 g - a potion of mutation
 h - 3 potions of flight
 i - a potion of ambrosia
 j - a potion of heal wounds {unknown}
 m - 2 potions of might
 r - a potion of lignification
 t - 2 potions of brilliance
Comestibles
 b - 7 rations


   Skills:
 + Level 4.7 Dodging
 - Level 2.6 Stealth
 - Level 2.0 Spellcasting
 + Level 4.2 Conjurations
 * Level 8.2 Poison Magic


You had 4 spell levels left.
You knew the following spells:

 Your Spells              Type           Power        Failure   Level  Hunger
a - Sting                 Conj/Pois      ####         2%          1    #......
b - Mephitic Cloud        Conj/Pois/Air  ###.....     13%         3    ###....
c - Blink                 Tloc           N/A          34%         2    ###....

Your spell library contained the following spells:

 Spells                   Type           Power        Failure   Level  Hunger
 Magic Dart               Conj           ###.         5%          1    #......
 Poisonous Vapours        Pois/Air       ###...       8%          2    ###....
 Olgreb's Toxic Radiance  Pois           #####...     10%         4    #####..
 Conjure Flame            Conj/Fire      ##......     30%         3    ###....
 Call Imp                 Summ           #.......     34%         2    ###....
 Slow                     Hex            #.......     34%         2    ###....
 Venom Bolt               Conj/Pois      ####......   43%         5    ######.


Dungeon Overview and Level Annotations

Branches:
Dungeon (6/15)
 Temple: D:4-7

Altars:
Uskayaw

Shops:
D:4 !

Annotations:
D:3 Grinder
D:5 Nicoed's ghost, novice DEVM


Innate Abilities, Weirdness & Mutations

You cannot wear most types of armour.
You are very stealthy in the water. (Stealth+)
You are amphibious.
You can wear up to eight rings at the same time.
You can use your tentacles to constrict eight enemies at once.
Your skin changes colour to match your surroundings (Stealth+).
Your rubbery body absorbs attacks. (AC +1, EV +1)
You are partially covered in icy blue scales. (AC +2)
You possess an exceptional clarity of mind.
You are robust. (+10% HP)
Your spells are a little harder to cast, but a little more powerful.


Message History

The orc priest is lightly wounded.
You constrict the orc priest, but do no damage.
The orc priest calls down the wrath of Beogh upon you.
Pain shoots through your body!
* * * LOW HITPOINT WARNING * * *
The orc priest hits you with a +0 morningstar!
* * * LOW HITPOINT WARNING * * *
You hit the orc priest but do no damage.
The orc priest is lightly wounded.
You constrict the orc priest.
You hit the orc priest but do no damage.
The orc priest is lightly wounded.
You constrict the orc priest, but do no damage.
The orc priest barely misses you.
You hit the orc priest.
The orc priest is heavily wounded.
You constrict the orc priest.
The orc priest invokes the aid of Beogh against you.
Beogh smites you!
You die...

# ##### .
#...############ .
#.....@o....o..# .
#...##########.#######.
##.## #.[o.o.o.. #..#
######.... ##.# #.#.#
#####.### #.#.#
#.......# #.#$.
#.###.#.# #.#.# ##.#.#
#.#.#


You could see an orc priest and an orc.

Vanquished Creatures
  An orc warrior (D:6)
  4 ogres
  A centaur (D:5)
  2 orc priests (D:3)
  A hound (D:4)
  A jelly (D:5)
  Robin (D:3)
  4 gnolls
  6 adders
  An adder zombie (D:6)
  5 worms
  2 leopard geckos (D:4)
  15 orcs
  2 ball pythons
  4 giant cockroaches
  14 goblins (D:3)
  4 hobgoblins
  4 jackals (D:5)
  4 quokkas
  A bat (D:3)
  A frilled lizard (D:4)
  A jackal skeleton (D:4)
  2 kobolds
  A rat (D:3)
82 creatures vanquished.

Notes
Turn   | Place    | Note
-------+----------+-------------------------------------------
     0 | D:1      | Lanoc the Octopode Venom Mage began the quest for the Orb.
     0 | D:1      | Reached XP level 1. HP: 11/11 MP: 3/3
   518 | D:2      | Reached skill level 4 in Poison Magic
   518 | D:2      | Reached XP level 2. HP: 10/17 MP: 5/5
  1213 | D:3      | Noticed Robin
  1227 | D:3      | Reached XP level 3. HP: 19/21 MP: 3/6
  1298 | D:3      | Learned a level 3 spell: Mephitic Cloud
  1618 | D:3      | Gained mutation: You are robust. (+10% HP) [potion of
                  | mutation]
  1618 | D:3      | Gained mutation: Your spells are a little harder to cast,
                  | but a little more powerful. [potion of mutation]
  1618 | D:3      | Gained mutation: You are partially covered in icy blue
                  | scales. (AC +2) [potion of mutation]
  1618 | D:3      | Gained mutation: You possess an exceptional clarity of
                  | mind. [potion of mutation]
  1951 | D:3      | Reached XP level 4. HP: 21/29 MP: 3/7
  1992 | D:3      | Killed Robin
  2085 | D:3      | Reached skill level 5 in Poison Magic
  2142 | D:3      | Reached XP level 5. HP: 32/34 MP: 0/8
  2230 | D:3      | Found a hide-covered altar of Uskayaw.
  2248 | D:3      | Noticed Grinder
  2329 | D:3      | Paralysed by Grinder for 3 turns
  2569 | D:4      | Noticed an ogre
  2578 | D:4      | Killed an ogre
  2578 | D:4      | Reached skill level 6 in Poison Magic
  2578 | D:4      | Reached XP level 6. HP: 39/39 MP: 4/9
  2912 | D:4      | Found Puot's Distillery.
  2920 | D:4      | Bought a potion of might for 40 gold pieces
  2920 | D:4      | Bought a potion of curing for 30 gold pieces
  3054 | D:5      | Entered Level 5 of the Dungeon
  3283 | D:5      | Found a runed translucent door.
  3313 | D:5      | Reached skill level 7 in Poison Magic
  3313 | D:5      | Reached XP level 7. HP: 45/45 MP: 6/10
  3513 | D:5      | Noticed Nicoed's ghost (novice DEVM)
  3538 | D:5      | Found a runed translucent door.
  3821 | D:5      | Learned a level 2 spell: Blink
  4270 | D:6      | Reached skill level 8 in Poison Magic
  4276 | D:6      | Killed from afar by an orc priest

Levels and vault maps discovered:
D:1:      minmay_arrival_four_houses, layout_basic
D:2:      layout_basic
D:3:      layout_loops_corners, eat_drink_and_be_merry_uskayaw, first_ration,
          uniq_crazy_yiuf_cottage, uniq_grinder, uniq_robin
D:4:      layout_rooms, serial_shops, nicolae_shop_trees
D:5:      minmay_clustersquares, layout_basic, ebering_ghost_sewer_f
D:6:      layout_loops_cross

Skill      XL: |  1  2  3  4  5  6  7 |
---------------+----------------------+-----
Poison Magic   | 4 5 6 7 8 |  8.2
Conjurations   | 2 3 4 |  4.2
Dodging        | 3 4 |  4.7
Stealth        | |  2.6
Spellcasting   | |  2.0

Action                   |  1- 3 |  4- 6 |  7- 9 || total
-------------------------+-------+-------+-------++-------
Melee: Spear             |    27 |    32 |    22 ||    81
       Constrict         |     4 |     7 |     4 ||    15
       Tentacles         |     1 |     6 |     2 ||     9
 Cast: Sting             |    44 |    83 |    39 ||   166
       Mephitic Cloud    |       |     2 |     1 ||     3
  Use: Potion            |     4 |       |     5 ||     9
       Scroll            |       |       |     6 ||     6
 Stab: Sleeping          |     3 |     1 |       ||     4
       Distracted        |       |     1 |       ||     1
       Confused          |       |       |     2 ||     2
  Eat: Chunk             |     3 |     6 |     2 ||    11
Armor: Skin              |     7 |     1 |     3 ||    11
Dodge: Dodged            |    26 |    22 |    56 ||   104
